 Dungeon Crawl Stone Soup version 0.19.1-1-g22dce08 (console) character file.

228 Kloppie the Skirmisher (level 5, -2/75 HPs)
             Began as a Draconian Berserker on Jan 15, 2017.
             Was a Priest of Trog.
             Slain by Grinder (3 damage)
             ... on level 3 of the Dungeon.
             The game lasted 00:03:00 (2444 turns).

Kloppie the Skirmisher (Draconian Berserker)        Turns: 2444, Time: 00:03:00

Health: -2/75      AC:  6    Str: 24    XL:     5   Next: 71%
Magic:  5/5        EV: 12    Int:  8    God:    Trog [***...]
Gold:   149        SH:  0    Dex: 11    Spells: 0 memorised, 4 levels left

rFire  . . .     SeeInvis .     a - +0 hand axe
rCold  . . .     Gourm    .     (armour unavailable)
rNeg   . . .     Faith    .     (no shield)
rPois  .         Spirit   .     (helmet restricted)
rElec  .         Reflect  .     (no cloak)
rCorr  .         Harm     .     (no gloves)
MR     ++...                    h - +0 pair of boots
Stlth  ..........               (no amulet)
                                (no ring)
                                (no ring)

@: berserking, regenerating, very quick
A: unfitting armour, cold-blooded, AC +5
a: Berserk, Trog's Hand, Burn Spellbooks, Renounce Religion


You were on level 3 of the Dungeon.
You worshipped Trog.
Trog was most pleased with you.
You were very hungry.

You visited 1 branch of the dungeon, and saw 3 of its levels.
You also visited: Sewer.

You collected 149 gold pieces.

Inventory:

Hand Weapons
 a - a +0 hand axe (weapon)
Armour
 h - a +0 pair of boots (worn)
Scrolls
 d - 5 scrolls of remove curse {unknown}
 l - 4 scrolls of identify {unknown}
 m - 2 scrolls of fear {unknown}
 n - 3 scrolls of amnesia {unknown}
 o - a scroll of enchant weapon {unknown}
 r - a scroll of teleportation {unknown}
Potions
 c - a potion of heal wounds {unknown}
 e - 6 potions of curing {unknown}
 f - 2 potions of lignification {unknown}
 i - a potion of resistance {unknown}
 j - a potion of haste {unknown}
 k - 2 potions of mutation {unknown}
 p - a potion of cancellation {unknown}
 q - a potion of ambrosia {unknown}
 s - a potion of berserk rage {unknown}
Comestibles
 b - 3 bread rations
 g - 2 meat rations
 t - 8 chunks of flesh
 u - a slice of pizza
 v - a beef jerky


   Skills:
 + Level 5.7 Fighting
 + Level 4.8 Axes
 - Level 2.6 Dodging


You had 4 spell levels left.
You didn't know any spells.

Dungeon Overview and Level Annotations

Branches:
Dungeon (3/15)

Altars:
Dithmenos
Xom
Zin

Annotations:
D:3 Grinder


Innate Abilities, Weirdness & Mutations

Your plain brown scales are hard. (AC +5)
You cannot fit into any form of body armour.
You are cold-blooded and may be slowed by cold attacks.


Message History

You writhe in agony.
* * * LOW HITPOINT WARNING * * *
You can move again.
You see here a kobold corpse.
Your skin crawls.
You feel resistant to hostile enchantments.
You feel somewhat more hungry. Something hits you.
* * * LOW HITPOINT WARNING * * *
You writhe in agony.
* * * LOW HITPOINT WARNING * * *
A red film seems to cover your vision as you go berserk!
You feel yourself moving faster!
You feel mighty!
You are feeling very hungry.
Something hits you but does no damage.
You slash something! Something hits you.
* * * LOW HITPOINT WARNING * * *
You hit something. Something hits you!
* * * LOW HITPOINT WARNING * * *
You writhe in agony.
You die...

## #.. #.# ############### #.#
#.#.............# #.#
#.#.##....###...#
#.#######.#....{)....!<.#######
..............!(@..$..........#
.......# ...##....###...#.....#
.......##.#.##....# #.#.#.....#
..........#..###### #.#.#.....##
...########..## #.#.#......#
........(.....#######.#.#......##
######.......................>...
.≈≈≈.#(.....#.#######.......#.###
#####.........#...........#.#.#


There were no monsters in sight!

Vanquished Creatures
  A crocodile (Sewer)
  Ijyb (D:2)
  3 adders (D:3)
  A river rat (D:3)
  2 worms (D:2)
  2 dart slugs
  A leopard gecko (D:2)
  7 orcs (D:3)
  5 giant cockroaches
  4 goblins
  9 hobgoblins
  6 jackals
  11 kobolds
  A quokka (D:2)
  9 bats
  6 frilled lizards
  6 rats
75 creatures vanquished.

Notes
Turn   | Place    | Note
-------+----------+-------------------------------------------
     0 | D:1      | Kloppie the Draconian Berserker began the quest for the Orb.
     0 | D:1      | Reached XP level 1. HP: 19/19 MP: 1/1
   223 | D:1      | Reached XP level 2. HP: 27/27 MP: 2/2
   487 | D:1      | Reached skill level 4 in Fighting
   930 | D:2      | Reached ** piety under Trog
   988 | D:2      | Noticed Ijyb
  1003 | D:2      | Killed Ijyb
  1003 | D:2      | Reached XP level 3. HP: 23/34 MP: 3/3
  1299 | D:2      | Reached XP level 4. HP: 41/41 MP: 4/4
  1724 | D:3      | Reached skill level 5 in Fighting
  1757 | D:3      | Found a glowing drain.
  1776 | Sewer    | Entered a sewer
  1941 | Sewer    | Noticed a crocodile
  1951 | Sewer    | Killed a crocodile
  1951 | Sewer    | Reached XP level 5. HP: 48/48 MP: 5/5
  2233 | D:3      | Found a glowing silver altar of Zin.
  2240 | D:3      | Reached *** piety under Trog
  2281 | D:3      | Found a shadowy altar of Dithmenos.
  2281 | D:3      | Found a shimmering altar of Xom.
  2423 | D:3      | Noticed Grinder
  2434 | D:3      | Paralysed by something for 7 turns
  2444 | D:3      | HP: 1/75 [something (9)]
  2444 | D:3      | Slain by Grinder

Skill      XL: |  1  2  3  4 |
---------------+-------------+-----
Fighting       | 4 5 |  5.7
Axes           | 4 |  4.8
Dodging        | |  2.6

Action                   |  1- 3 |  4- 6 || total
-------------------------+-------+-------++-------
Melee: Hand axe          |   128 |   142 ||   270
       Tailslap          |    14 |    11 ||    25
Invok: Berserk           |       |     3 ||     3
       Trog's Hand       |       |     1 ||     1
 Stab: Sleeping          |     2 |       ||     2
  Eat: Chunk             |     1 |     6 ||     7
Armor: Skin              |    36 |    59 ||    95
Dodge: Dodged            |    77 |    92 ||   169
